 Dungeon Crawl Stone Soup version 0.30.0-18-gc0e69614cb (webtiles) character file.

Game seed: 1573391378743787996

427 KittyFluff the Cudgeller (level 6, 0/38 HPs)
             Began as a Gargoyle Berserker on May 25, 2023.
             Was a Believer of Trog.
             Killed from afar by a dart slug (5 damage)
             ... with a slug dart
             ... on level 5 of the Dungeon.
             The game lasted 00:16:14 (3551 turns).

KittyFluff the Cudgeller (Gargoyle Berserker)       Turns: 3551, Time: 00:16:14

Health: 0/38       AC: 10    Str: 21    XL:     6   Next: 97%
Magic:  6/6        EV: 12    Int:  7    God:    Trog [**....]
Gold:   262        SH:  0    Dex: 11    Spells: 5/5 levels left

rFire   + . .        a - +0 mace
rCold   . . .        (no shield)
rNeg    + . .        l - +0 leather armour
rPois   ∞            n - +0 helmet
rElec   +            (no cloak)
rCorr   .            (no gloves)
SInv    .            b - +0 pair of boots
Will    +....        (no amulet)
Stlth   +            j - ring of willpower
HPRegen 0.26/turn    m - ring of protection from fire
MPRegen 0.10/turn

%: no passive effects
@: on berserk cooldown, slowed, very slow
A: sickness immunity, AC +4, negative energy resistance 1, electricity
resistance, torment resistance 1, petrification resistance
a: Renounce Religion, Berserk, Trog's Hand


You were on level 5 of the Dungeon.
You worshipped Trog.
Trog was pleased with you.
You visited 1 branch of the dungeon, and saw 5 of its levels.

You collected 306 gold pieces.
You spent 44 gold pieces at shops.

Inventory:

Hand Weapons
 a - a +0 mace (weapon)
Missiles
 c - 7 poisoned darts (quivered)
 v - 2 boomerangs
 x - 5 atropa-tipped darts
Armour
 b - a +0 pair of boots (worn)
 l - a +0 leather armour (worn)
 n - a +0 helmet (worn)
Jewellery
 f - a ring of fire
 j - a ring of willpower (left hand)
 m - a ring of protection from fire (right hand)
Wands
 q - a wand of iceblast (14)
 y - a wand of flame (20)
Scrolls
 d - a scroll of fog {unknown}
 e - a scroll of noise {unknown}
 g - a scroll of brand weapon {unknown}
 h - a scroll of amnesia {unknown}
 u - a scroll of silence {unknown}
 w - a scroll of immolation {unknown}
Potions
 i - 2 potions of mutation
 k - a potion of attraction
 o - a potion of flight
 p - a potion of lignification
 r - a potion of curing
 s - a potion of ambrosia {unknown}
 t - a potion of heal wounds {unknown}
 z - a potion of berserk rage {unknown}


   Skills:
 + Level 3.9 Fighting
 * Level 6.6 Maces & Flails
 * Level 3.1 Armour
 + Level 2.2 Dodging
 + Level 1.0 Stealth


You had 5 spell levels left.
You didn't know any spells.
Your spell library was empty.

Dungeon Overview and Level Annotations

Branches:
Dungeon (5/15)
 Temple: D:4-7

Altars:

Shops:
D:2 ?


Innate Abilities, Weirdness & Mutations

You are immune to sickness and miasma.
Your stone body is resilient. (AC +4)
You are immune to poison.
You resist negative energy. (rN+)
You are resistant to electric shocks. (rElec)
You are resistant to unholy torment.
You are immune to petrification.


Message History

You kill the gnoll!
Trog accepts your kill.
The gnoll hits you from afar with a +1 spear of venom.
You barely miss the gnoll. You closely miss the gnoll.
The gnoll barely misses you.
The gnoll hits you from afar with a +1 spear of venom.
* * * LOW HITPOINT WARNING * * *
You sock the gnoll!
The gnoll is severely wounded.
The gnoll misses you. The gnoll barely misses you.
You sock the gnoll!
You kill the gnoll!
Trog accepts your kill. The gnoll hits you but does no damage.
The gnoll hits you with a +0 whip!
* * * LOW HITPOINT WARNING * * *
Items here: $ )) †.
You barely miss the gnoll. The gnoll barely misses you.
You closely miss the gnoll. The gnoll closely misses you.
You sock the gnoll!
You kill the gnoll!
Trog accepts your kill. The gnoll hits you with a +0 whip.
* * * LOW HITPOINT WARNING * * *
You hit the gnoll.
The gnoll is moderately wounded.
The gnoll hits you with a +0 whip.
* * * LOW HITPOINT WARNING * * *
You thump the gnoll!
You kill the gnoll!
Trog accepts your kill.
A dart slug comes into view.
You are no longer berserk.
You are exhausted.
You feel yourself slow down.
Things that are here:
a +0 whip; a gnoll corpse The gnoll hits you but does no damage.
The dart slug launches a dart at you. The slug dart hits you.
You die...

####### #####
#.....# #...######
#.###.# #
#........# #.# #.#
#
#...####.###.###.#
###...##
#....)..#.#
.......#
#####.#.#.#
###...## #.#g#)# #
##.## #.#@#)# #
#.# #...))# # #.#
####.## ## #+# #.#
.# #.# .# . #.# ..
... ... #w# ....
..#


You could see a gnoll and a dart slug.

Vanquished Creatures
  An ogre (D:4)
  A jelly (D:4)
  2 sleepcaps (D:4)
  A gnoll bouda (D:5)
  An iguana (D:5)
  4 gnolls (D:5)
  9 adders
  3 worms
  2 dart slugs
  3 orcs (D:4)
  8 ball pythons
  An endoplasm (D:4)
  5 giant cockroaches
  10 goblins
  7 hobgoblins
  3 jackals (D:2)
  4 quokkas
  5 bats
  A frilled lizard (D:1)
  5 kobolds
  8 rats
84 creatures vanquished.

Notes
Turn   | Place    | Note
-------+----------+-------------------------------------------
     0 | D:1      | KittyFluff the Gargoyle Berserker began the quest for the
                  | Orb.
     0 | D:1      | Reached XP level 1. HP: 14/14 MP: 1/1
   102 | D:1      | Reached XP level 2. HP: 19/19 MP: 2/2
   662 | D:1      | Found a faded altar of an unknown god.
   785 | D:2      | Reached XP level 3. HP: 8/23 MP: 3/3
  1263 | D:2      | Reached skill level 4 in Maces & Flails
  1278 | D:2      | Reached ** piety under Trog
  1446 | D:2      | Reached XP level 4. HP: 21/28 MP: 4/4
  1617 | D:2      | Found Ufiseeb's Magic Scroll Boutique.
  1646 | D:2      | Bought a scroll of identify for 22 gold pieces
  1740 | D:2      | Bought a scroll of identify for 22 gold pieces
  2715 | D:4      | Noticed an ogre
  2722 | D:4      | Killed an ogre
  2723 | D:4      | Reached skill level 5 in Maces & Flails
  2723 | D:4      | Reached skill level 1 in Stealth
  2723 | D:4      | Reached XP level 5. HP: 33/33 MP: 5/5
  2745 | D:4      | Reached XP level 6. HP: 29/38 MP: 6/6
  3098 | D:4      | Reached skill level 6 in Maces & Flails
  3369 | D:5      | Entered Level 5 of the Dungeon
  3551 | D:5      | Killed from afar by a dart slug

Illustrated notes

Levels and vault maps discovered:
D:1:      dpeg_arrival_rooms_c, layout_basic,
          shapermc_ecumenical_altar_totnotflames
D:2:      layout_basic, serial_shops, shop
D:3:      layout_basic, minmay_crystal_room, chequers_serial_rivers_marsh,
          st_stairs_13, minivault_23
D:4:      layout_basic, amcnicky_mini_rare_corridor_liquid, minmay_misc_feat_chi
D:5:      layout_loops_corners, minmay_temple_entry_trees

Skill      XL: |  1  2  3  4  5  6 |
---------------+-------------------+-----
Maces & Flails | 4 5 6 |  6.6
Dodging        | 2 |  2.2
Stealth        | 1 |  1.0
Armour         | 3 |  3.1
Fighting       | |  3.9

Action                     |  1- 3 |  4- 6 || total
---------------------------+-------+-------++-------
  Melee: Mace              |   134 |   200 ||   334
         Punch             |       |     1 ||     1
  Throw: Dart              |       |     1 ||     1
 Invoke: Berserk           |       |     1 ||     1
    Use: Scroll            |       |     7 ||     7
   Stab: Sleeping          |       |     2 ||     2
 Armour: Animal skin       |    32 |       ||    32
         Leather armour    |    29 |    83 ||   112
  Dodge: Dodged            |   107 |   133 ||   240
